 Dungeon Sprint DCSS version 0.27-a0-1193-g8631133539 (webtiles) character file.

Game seed: 3240101760827113310

242 rocky1 the Geomancer (level 5, -2/28 HPs)
             Began as a Deep Elf Earth Elementalist on May 26, 2021.
             Was an Elder of Sif Muna.
             Slain by a wolf (10 damage)
             ... in the Dungeon (Sprint VII: "The Pits").
             The game lasted 00:02:34 (344 turns).

rocky1 the Geomancer (Deep Elf Earth Elementalist)   Turns: 344, Time: 00:02:35

Health: -2/28      AC:  2    Str:  5    XL:     5   Next: 82%
Magic:  8/16       EV: 12    Int: 21    God:    Sif Muna [****..]
Gold:   0          SH:  0    Dex: 15    Spells: 13/17 levels left

rFire    . . .     SeeInvis .   m - +2 quarterstaff (protect)
rCold    . . .     Faith    .   (shield currently unavailable)
rNeg     . . .     Spirit   .   c - +0 robe
rPois    .         Reflect  .   (no helmet)
rElec    .         Harm     .   (no cloak)
rCorr    .         Rampage  .   (no gloves)
Will     .....     NoTele   +   (no boots)
Stlth    ++........             (no amulet)
HPRegen  0.09/turn              (no ring)
MPRegen  0.15/turn              (no ring)

@: no status effects
A: no striking features
a: Renounce Religion, Channel Magic, Forget Spell, Divine Exegesis


You were in the Dungeon.
You worshipped Sif Muna.
Sif Muna was greatly pleased with you.
You visited 1 branch

Inventory:

Hand Weapons
 m - a +2 quarterstaff of protection (weapon)
Missiles
 b - 27 stones
Armour
 c - a +0 robe (worn)
Scrolls
 i - a scroll of blinking
 k - 5 scrolls of amnesia
 l - a scroll of summoning
Potions
 d - 6 potions of curing
 e - 6 potions of heal wounds
 f - a potion of haste
 g - 4 potions of magic
 h - 3 potions of berserk rage
 j - 2 potions of invisibility


   Skills:
 - Level 0.1 Staves
 - Level 2.4 Dodging
 - Level 2.4 Stealth
 + Level 6.5 Spellcasting
 + Level 1.3 Conjurations
 + Level 1.9 Transmutations
 + Level 10.4 Earth Magic
 + Level 6.5 Invocations


You had 13 spell levels left.
You knew the following spells:

 Your Spells              Type           Power      Damage    Failure   Level
a - Sandblast             Erth           100%       2d20      1%          1
b - Stone Arrow           Conj/Erth      62%        3d10      2%          3

Your spell library contained the following spells:

 Spells                   Type           Power      Damage    Failure   Level
 Passwall                 Tmut/Erth      27%        N/A       1%          2
 Lee's Rapid Deconstruct  Erth           25%        3d15*     3%          5
 Petrify                  Tmut/Erth      33%        N/A       7%          4


Dungeon Overview and Level Annotations

Branches:
Dungeon (1/1)

Altars:
Ashenzari
Cheibriados
Dithmenos
Elyvilon
Fedhas
Gozag
Hepliaklqana
Kikubaaqudgha
Makhleb
Nemelex Xobeh
Okawaru
Qazlal
Ru
Sif Muna
Trog
Uskayaw
Vehumet
Wu Jian
Xom
Yredelemnul
Zin
The Shining One
Beogh
Jiyva
Lugonu


Message History

Sif Muna accepts your kill.
Your Conjurations skill increases to level 1!
Casting: Sandblast (safe; 1% risk of failure)
Confirm with . or Enter, or press ? or * to list all spells.
Aiming: Sandblast (safe; 1% risk of failure)
Press: ? - help, Shift-Dir - straight line, f - gnoll
Aim: a gnoll, wielding a +0 club (86% to hit)
The blast of sand hits the gnoll!!
You kill the gnoll!
Sif Muna accepts your kill.
You can now call upon Sif Muna to cast any spell from your library.
Casting: Sandblast (safe; 1% risk of failure)
Confirm with . or Enter, or press ? or * to list all spells.
Aiming: Sandblast (safe; 1% risk of failure)
Press: ? - help, Shift-Dir - straight line, f - wolf
Aim: a wolf (73% to hit)
The blast of sand hits the wolf!
The wolf is moderately wounded.
The wolf closely misses you. The wolf bites you.
Unknown command.
Casting: Sandblast (safe; 1% risk of failure)
Confirm with . or Enter, or press ? or * to list all spells.
Aiming: Sandblast (safe; 1% risk of failure)
Press: ? - help, Shift-Dir - straight line, f/p - wolf
Aim: a wolf (moderately wounded, 73% to hit)
The blast of sand hits the wolf.
The wolf is heavily wounded.
The wolf bites you!
Unknown command.
Casting: Sandblast (safe; 1% risk of failure)
Confirm with . or Enter, or press ? or * to list all spells.
Aiming: Sandblast (safe; 1% risk of failure)
Press: ? - help, Shift-Dir - straight line, f/p - wolf
Aim: a wolf (heavily wounded, 73% to hit)
The blast of sand hits the wolf but does no damage.
The wolf is heavily wounded.
The wolf bites you!
* * * LOW HITPOINT WARNING * * *
The wolf bites you!
You die...

#'#####'#####.....
#.#..)..#[[##.....
#.#.....#))#####'#
#.###'###))##.....
#.#.....#))##.....
#.#.....#..##.....
#.####'##'###...<.
#.#....†...##.....
#@#........##.....
#h###########.....
#)......# ######
#..###..# #...
##.## .. .# ..


You could see a wolf.

Vanquished Creatures
  A floating eye (D)
  A wolf (D)
  An iron imp (D)
  An adder (D)
  A gnoll (D)
  An orc (D)
  A ball python (D)
  2 endoplasms (D)
  6 jackals (D)
  A rat (D)
16 creatures vanquished.

Notes
Turn   | Place    | Note
-------+----------+-------------------------------------------
     0 | D        | rocky1 the Deep Elf Earth Elementalist began the quest for
                  | the Orb.
     0 | D        | Reached XP level 1. HP: 10/10 MP: 6/6
    19 | D        | Reached skill level 4 in Earth Magic
    24 | D        | Found a bloodstained altar of Trog.
    24 | D        | Found a shimmering blue altar of Sif Muna.
    24 | D        | Found a viscous altar of Jiyva.
    24 | D        | Found a hazy altar of Hepliaklqana.
    24 | D        | Found an opulent altar of Gozag.
    25 | D        | Found a glowing golden altar of the Shining One.
    25 | D        | Found a glowing silver altar of Zin.
    25 | D        | Found a basalt altar of Yredelemnul.
    25 | D        | Found a shimmering altar of Xom.
    25 | D        | Found an ornate altar of the Wu Jian Council.
    25 | D        | Found a sacrificial altar of Ru.
    25 | D        | Found a stormy altar of Qazlal.
    25 | D        | Found an iron altar of Okawaru.
    25 | D        | Found a sparkling altar of Nemelex Xobeh.
    25 | D        | Found a burning altar of Makhleb.
    25 | D        | Found a blossoming altar of Fedhas.
    25 | D        | Found a white marble altar of Elyvilon.
    25 | D        | Found a shadowy altar of Dithmenos.
    25 | D        | Found a snail-covered altar of Cheibriados.
    29 | D        | Found a corrupted altar of Lugonu.
    29 | D        | Found a radiant altar of Vehumet.
    30 | D        | Found a broken altar of Ashenzari.
    30 | D        | Found an ancient bone altar of Kikubaaqudgha.
    30 | D        | Found a hide-covered altar of Uskayaw.
    32 | D        | Became a worshipper of Sif Muna the Loreminder
   134 | D        | Noticed a floating eye
   137 | D        | Paralysed by a floating eye for 2 turns
   140 | D        | Killed a floating eye
   140 | D        | Reached * piety under Sif Muna
   141 | D        | Reached skill level 8 in Earth Magic
   141 | D        | Reached XP level 2. HP: 15/15 MP: 7/11
   141 | D        | Reached XP level 3. HP: 19/19 MP: 7/12
   141 | D        | Reached XP level 4. HP: 24/24 MP: 8/14
   153 | D        | Reached ** piety under Sif Muna
   197 | D        | Reached *** piety under Sif Muna
   324 | D        | Learned a level 3 spell: Stone Arrow
   335 | D        | Noticed a wolf
   337 | D        | Noticed a wolf
   339 | D        | Killed a wolf
   340 | D        | Reached skill level 10 in Earth Magic
   340 | D        | Reached XP level 5. HP: 28/28 MP: 12/15
   341 | D        | Reached skill level 1 in Conjurations
   341 | D        | Reached **** piety under Sif Muna
   344 | D        | Slain by a wolf

Illustrated notes

Levels and vault maps discovered:
D:        pitsprint [storerooms_1, entrance_room_1, metal_vault_3, armoury_2,
          mini_pit_1, grid_room_1, main_hall_1, silver_pit, the_coven_3,
          the_vestibule_1, steel_vault_3, golden_pit, hallway_of_sentries,
          crystal_vault_1, iron_vault_4, final_vault]

Skill      XL: |  1  2  3  4  5 |
---------------+----------------+-----
Earth Magic    | 8 10 | 10.4
Spellcasting   | 6 |  6.5
Invocations    | 4 6 |  6.5
Conjurations   | 1 |  1.3
Staves         | |  0.1
Dodging        | |  2.4
Stealth        | |  2.4
Transmutations | |  1.9

Action                   |  1- 3 |  4- 6 || total
-------------------------+-------+-------++-------
Melee: Quarterstaff      |    10 |    15 ||    25
 Cast: Sandblast         |     2 |    11 ||    13
Armor: Robe              |     3 |     1 ||     4
Dodge: Dodged            |     9 |    19 ||    28

Table legend: (Time is in decaauts)
 A = Elapsed time spent in this place.
 B = Non-inter-level travel time spent in this place.
 C = Inter-level travel time spent in this place.
 D = Time resting spent in this place.
 E = Time spent auto-exploring this place.
 F = Levels seen in this place.
 G = Mean time per level.
                   A        B        C        D        E       F      G
               +--------+--------+--------+--------+--------+-----+--------+
         Total |    350 |    331 |     19 |    153 |      0 |   1 |  350.0 |
       Dungeon |    350 |    331 |     19 |    153 |      0 |   1 |  350.0 |
               +--------+--------+--------+--------+--------+-----+--------+

Top non-repeatable levels by time:
       D: 350 daAuts
